 Dungeon Crawl Stone Soup version 0.21.1-1-g345015f (webtiles) character file.

1227 yang the Slasher (level 8, -1/99 HPs)
             Began as a Demonspawn Gladiator on June 10, 2018.
             Was a Priest of Makhleb.
             Slain by a vampire (5 damage)
             ... on level 5 of the Dungeon.
             The game lasted 00:21:56 (3731 turns).

yang the Slasher (Demonspawn Gladiator)             Turns: 3731, Time: 00:21:56

Health: -1/99      AC: 24    Str: 17    XL:     8   Next: 23%
Magic:  8/8        EV:  2    Int: 10    God:    Makhleb [***...]
Gold:   320        SH:  0    Dex: 14    Spells: 7/7 levels left

rFire    . . .     SeeInvis .   j - +0 falchion (slice)
rCold    + . .     Gourm    .   (no shield)
rNeg     + + +     Faith    .   (armour currently unavailable)
rPois    +         Spirit   .   (helmet currently unavailable)
rElec    .         Reflect  .   (cloak currently unavailable)
rCorr    .         Harm     .   (gloves currently unavailable)
MR       .....     NoTele   +   (boots unavailable)
Stlth    ++........             (no amulet)
HPRegen  0.26/turn              h - ring of protection from cold
MPRegen  0.11/turn              (no ring)

@: tree-form
A: mutation resistance 1, powered by death 1, robust 1, screaming 1
a: Minor Destruction, Lesser Servant of Makhleb, Renounce Religion


You were on level 5 of the Dungeon.
You worshipped Makhleb.
Makhleb was most pleased with you.
You were not hungry.
You were a tree.
You visited 1 branch of the dungeon, and saw 5 of its levels.

You collected 320 gold pieces.

Inventory:

Hand Weapons
 j - a +0 falchion of slicing (weapon)
Missiles
 d - 4 throwing nets (quivered)
Armour
 b - a +1 leather armour (melded)
 c - a +0 helmet (melded)
 i - a +2 cloak (melded)
Jewellery
 h - a ring of protection from cold (left branch)
Scrolls
 k - 7 scrolls of identify
 l - 2 scrolls of amnesia
Potions
 a - a potion of might
 g - 2 potions of degeneration
Books
 m - a book of Maledictions

   Spells                             Type                      Level
   a - Corona                         Hexes                        1
   b - Ensorcelled Hibernation        Hexes/Ice                    2
   c - Confuse                        Hexes                        3
   d - Tukima's Dance                 Hexes                        3
   e - Dazzling Spray                 Conjuration/Hexes            3
Comestibles
 f - 8 rations


   Skills:
 + Level 4.1 Fighting
 + Level 6.7 Long Blades
 + Level 2.0 Throwing
 + Level 2.5 Armour
 + Level 5.3 Dodging
 + Level 1.4 Stealth
 + Level 0.1 Unarmed Combat


You had 7 spell levels left.
You didn't know any spells.

Dungeon Overview and Level Annotations

Branches:
Dungeon (5/15)
 Temple: D:4-7

Altars:
Dithmenos
Fedhas
Makhleb
Qazlal

Portals:
Sewer: D:5


Innate Abilities, Weirdness & Mutations

((You have very sharp fingernails.))
((You have hooves in place of feet.))
You regenerate a little health from kills.
You are somewhat resistant to further mutation.
You are robust. (+10% HP)
You occasionally shout uncontrollably at your foes.


Message History

Something hits you but does no damage. Something bites you but does no damage.
Something hits you but does no damage. Something bites you but does no damage.
Something hits you!
* * * LOW HITPOINT WARNING * * *
Something bites you but does no damage.
You feel less confused. Something hits you but does no damage.
Something bites you but does no damage. Something hits you.
* * * LOW HITPOINT WARNING * * *
Something bites you but does no damage. Something hits you but does no damage.
Something bites you but does no damage. Something hits you but does no damage.
Something bites you but does no damage. Something hits you but does no damage.
Something bites you.
* * * LOW HITPOINT WARNING * * *
Something hits you but does no damage. Something bites you but does no damage.
Something hits you.
* * * LOW HITPOINT WARNING * * *
Something bites you but does no damage. Something hits you but does no damage.
Something bites you.
You die... ## #### #.## o(# #..# a. #.# #..# oo.

#♣# #..# #o.. #{# #..#
#...# #S# ####..######
(.....#)# #..........#
#
#...#)###..........###
#.....................
#.....(............###
#.....###.†........# #
....#...#
#..........###


You could see an orc wizard and an adder.

Vanquished Creatures
  The ghost of Lizzin the Firebug, a novice DEFE (D:5)
  2 ogres
  A bullfrog (D:2)
  A scorpion (D:5)
  2 crimson imps
  A hound (D:2)
  An orc priest (D:3)
  A gnoll shaman (D:5)
  A bullfrog skeleton (D:4)
  Ijyb (D:5)
  An iguana (D:4)
  Natasha (twice) (D:2)
  3 orc wizards
  3 worker ants
  A worker ant zombie (D:5)
  8 gnolls
  7 adders
  A river rat (D:5)
  A shadow imp (D:5)
  3 oozes
  An adder skeleton (D:5)
  A worm (D:2)
  2 dart slugs
  2 leopard geckos
  14 orcs
  15 bats
  5 giant cockroaches
  10 goblins
  7 hobgoblins
  6 jackals (D:3)
  6 kobolds
  2 quokkas
  4 ball pythons
  5 frilled lizards
  A jackal skeleton (D:4)
  A leopard gecko skeleton (D:4)
  8 rats
  A butterfly (D:4)
133 creatures vanquished.

Notes
Turn   | Place    | Note
-------+----------+-------------------------------------------
     0 | D:1      | yang the Demonspawn Gladiator began the quest for the Orb.
     0 | D:1      | Reached XP level 1. HP: 16/16 MP: 1/1
   197 | D:1      | Gained mutation: You have large cloven feet. [demonic ancestry]
   197 | D:1      | Reached XP level 2. HP: 11/22 MP: 2/2
   271 | D:1      | Reached skill level 3 in Long Blades
   559 | D:2      | Found a burning altar of Makhleb.
   567 | D:2      | Gained mutation: You regenerate a little health from kills. [demonic ancestry]
   567 | D:2      | Reached XP level 3. HP: 20/27 MP: 3/3
   578 | D:2      | Became a worshipper of Makhleb the Destroyer
   804 | D:2      | Found a blossoming altar of Fedhas.
   910 | D:2      | Noticed Natasha
   917 | D:2      | Killed Natasha
   917 | D:2      | Gained mutation: You have sharp fingernails. [demonic ancestry]
   917 | D:2      | Reached XP level 4. HP: 17/34 MP: 4/4
   919 | D:2      | Gained mutation: You are robust. (+10% HP) [potion of mutation]
   919 | D:2      | Gained mutation: You occasionally shout uncontrollably at your foes. [potion of mutation]
   919 | D:2      | Gained mutation: You are somewhat resistant to further mutation. [potion of mutation]
   932 | D:2      | Noticed a bullfrog
   939 | D:2      | Killed a bullfrog
   939 | D:2      | Reached skill level 1 in Armour
   939 | D:2      | Gained mutation: You have hoof-like feet. [demonic ancestry]
   939 | D:2      | Reached XP level 5. HP: 22/42 MP: 5/5
  1118 | D:2      | Reached skill level 4 in Long Blades
  1435 | D:1      | Reached * piety under Makhleb
  1625 | D:3      | Found a shadowy altar of Dithmenos.
  1652 | D:3      | Gained mutation: You have hooves in place of feet. [demonic ancestry]
  1652 | D:3      | Reached XP level 6. HP: 50/50 MP: 6/6
  1740 | D:2      | Noticed Natasha
  1752 | D:2      | Killed Natasha
  1752 | D:2      | Reached ** piety under Makhleb
  2087 | D:3      | Found a stormy altar of Qazlal.
  2234 | D:4      | Reached skill level 1 in Stealth
  2413 | D:4      | Reached skill level 5 in Long Blades
  2437 | D:4      | Reached XP level 7. HP: 50/57 MP: 7/7
  3053 | D:5      | Entered Level 5 of the Dungeon
  3070 | D:5      | Found a glowing drain.
  3076 | D:5      | Reached *** piety under Makhleb
  3196 | D:5      | Noticed Ijyb
  3197 | D:5      | Found a shadowy altar of Dithmenos.
  3263 | D:5      | Noticed Lizzin's ghost (novice DEFE)
  3296 | D:5      | Killed Lizzin's ghost
  3296 | D:5      | Reached skill level 6 in Long Blades
  3296 | D:5      | Reached skill level 5 in Dodging
  3422 | D:5      | Gained mutation: You have very sharp fingernails. [demonic ancestry]
  3422 | D:5      | Reached XP level 8. HP: 20/66 MP: 8/8
  3435 | D:5      | Killed Ijyb
  3728 | D:5      | HP: 4/99 [something (2)]
  3731 | D:5      | Slain by a vampire

Skill      XL: |  1  2  3  4  5  6  7  8 |
---------------+-------------------------+-----
Long Blades    | 3 4 5 6 |  6.7
Dodging        | 3 4 5 |  5.3
Throwing       | 2 |  2.0
Armour         | 1 2 |  2.5
Fighting       | 3 4 |  4.1
Stealth        | 1 |  1.4
Unarmed Combat | |  0.1

Action                   |  1- 3 |  4- 6 |  7- 9 || total
-------------------------+-------+-------+-------++-------
Melee: Long sword        |    56 |   120 |       ||   176
       Kick              |    14 |    69 |    48 ||   131
       Falchion          |       |    49 |   111 ||   160
       Unarmed           |       |       |     6 ||     6
  Use: Scroll            |     3 |     2 |     3 ||     8
       Potion            |       |     4 |     3 ||     7
  Eat: Ration            |       |     2 |     1 ||     3
Armor: Leather armour    |    48 |   105 |    27 ||   180
       Skin              |       |       |    34 ||    34
Dodge: Dodged            |    77 |   196 |   115 ||   388
       Rpst.: Long sword |    27 |    49 |       ||    76
       Falchion          |       |     8 |    32 ||    40
